 Dungeon Crawl Stone Soup version 0.27.1-33-g824d729ab1 (webtiles) character file.

Game seed: 10902223036635822385

4 zeram the Sneak (level 1, -2/12 HPs)
             Began as a Deep Elf Brigand on Dec 21, 2021.
             Hit by a stone thrown by a kobold (3 damage)
             ... on level 1 of the Dungeon.
             The game lasted 00:00:45 (444 turns).

zeram the Sneak (Deep Elf Brigand)                   Turns: 444, Time: 00:00:46

Health: -2/12      AC:  3    Str:  8    XL:     1   Next: 58%
Magic:  3/3        EV: 12    Int: 15    God:
Gold:   16         SH:  0    Dex: 16    Spells: 0/0 levels left

rFire    . . .     SeeInvis .   a - +2 dagger
rCold    . . .     Faith    .   (no shield)
rNeg     . . .     Spirit   .   b - +0 robe
rPois    .         Reflect  .   (no helmet)
rElec    .         Harm     .   c - +0 cloak
rCorr    .         Rampage  .   (no gloves)
Will     .....                  (no boots)
Stlth    +++.......             (no amulet)
HPRegen  0.04/turn              (no ring)
MPRegen  0.08/turn              (no ring)

@: no status effects
A: no striking features
a: no special abilities


You were on level 1 of the Dungeon.
You visited 1 branch of the dungeon, and saw 1 of its levels.

You collected 16 gold pieces.

Inventory:

Hand Weapons
 a - a +2 dagger (weapon)
Missiles
 d - 8 poisoned darts (quivered)
 e - 2 curare-tipped darts
Armour
 b - a +0 robe (worn)
 c - a +0 cloak (worn)
Potions
 f - a potion of magic {unknown}


   Skills:
 - Level 1.5 Fighting
 + Level 2.0 Short Blades
 - Level 2.0 Throwing
 + Level 1.2 Dodging
 + Level 5.1 Stealth
 * Level 0.2 Spellcasting


You couldn't memorise any spells.
You didn't know any spells.
Your spell library was empty.

Dungeon Overview and Level Annotations

Branches:
Dungeon (1/15)

Altars:


Message History

Your Stealth skill increases to level 5!
You start resting.
HP restored.
A giant cockroach comes into view.
Unknown command.
A giant cockroach is nearby!
A giant cockroach is nearby!
The helpless giant cockroach fails to defend itself.
You impale the giant cockroach!!
You kill the giant cockroach!
You see here a giant cockroach corpse.
A kobold comes into view. It is wielding a +0 short sword.
A kobold is nearby!
A kobold is nearby!
A kobold is nearby!
The helpless kobold fails to defend itself.
You impale the kobold!!
You kill the kobold!
You see here a +0 short sword.
Found 9 gold pieces.
A kobold comes into view.
It is wielding a +2 short sword of protection.
A kobold is nearby!
A kobold is nearby!
A kobold is nearby!
An endoplasm comes into view.
The kobold shouts!
The endoplasm quivers.
The kobold throws a stone.
The stone closely misses you.
The endoplasm moves out of view.
The kobold throws a stone.
The stone misses you. The endoplasm freezes you.
You are frozen.
You hit the endoplasm but do no damage.
The kobold hits you with a +2 short sword of protection.
The endoplasm freezes you.
You are frozen.
* * * LOW HITPOINT WARNING * * *
You are too injured to fight recklessly!
The kobold throws a stone.
The stone hits you.
You die...

#.# #.. #..#####..#...# ..# #..##
#.. #.......##..####.. #...#
#...####.####...# #..# #...#
#....##'##....## #..# #####...##
##...........## ##..# .........##
###.......### ##...##
.#####....#################.....#
.# #.......###########........#
## #..........@.KJ...........$. #
##.######)...##...####......
#######.# #.##.###..# #.###.#
.†......# #.##.###..# #.# .#
######..# #.........# #.# .#
#........###.###.## #.# #.######.
#.# #.# .# #.# #. #.. ... #.# #.
### #...


You could see an endoplasm and a kobold.

Vanquished Creatures
  A giant cockroach (D:1)
  A kobold (D:1)
  A ball python (D:1)
  A bat (D:1)
  A rat (D:1)
5 creatures vanquished.

Notes
Turn   | Place    | Note
-------+----------+-------------------------------------------
     0 | D:1      | zeram the Deep Elf Brigand began the quest for the Orb.
     0 | D:1      | Reached XP level 1. HP: 12/12 MP: 3/3
   112 | D:1      | Reached skill level 5 in Stealth
   444 | D:1      | Hit by a stone thrown by a kobold

Illustrated notes

Levels and vault maps discovered:
D:1:      dpeg_arrival_concentric_ovals, layout_loops_ring

Skill      XL: |  1 |
---------------+----+-----
Stealth        | 5 |  5.1
Fighting       | |  1.5
Short Blades   | |  2.0
Throwing       | |  2.0
Dodging        | |  1.2
Spellcasting   | |  0.2

Action                   || total
-------------------------++-------
Melee: Dagger            ||    18
 Stab: Sleeping          ||     3
Armor: Robe              ||     1
Dodge: Dodged            ||    11
